 Dungeon Sprint DCSS version 0.24.1-8-ga250c9d538 (webtiles) character file.

Game seed: 3836908400107503152, levelgen mode: deterministic

8246 Atelerd the Fighter (level 11, -14/142 HPs)
             Began as a Human Fighter on May 7, 2020.
             Was the Champion of Makhleb.
             Demolished by Mixt the pandemonium lord (34 damage)
             ... in the Dungeon (Sprint V: "Ziggurat Sprint").
             The game lasted 00:11:31 (579 turns).

Atelerd the Fighter (Human Fighter)                  Turns: 579, Time: 00:11:32

Health: -14/142    AC: 33    Str: 35    XL:     11   Next: 52%
Magic:  18/18      EV:  7    Int: 11    God:    Makhleb [******]
Gold:   0          SH: 32    Dex: 13    Spells: 10/10 levels left

rFire    . . .     SeeInvis .   j - +10 zealot's sword {holy, *Rage rN+ EV+3}
rCold    . . .     Gourm    .   w - +18 shield of the Gong {rElec rN+ MR+ EV-5}
rNeg     + + .     Faith    .   v - +15 Maxwell's patent armour {-Cast -Tele rElec MR+ rCorr}
rPois    .         Spirit   .   Z - +2 helmet {Int+3}
rElec    +         Reflect  .   (no cloak)
rCorr    +         Harm     .   (no gloves)
MR       ++...     Rnd*Rage +   (no boots) Stlth ..........NoTele +
                                T - amulet of rage
HPRegen  0.33/turn NoCast   +   t - +6 ring of strength
MPRegen  0.16/turn              R - ring "Voip" {rCorr Str+4}

@: berserking, hasted, studying Axes, lightly drained, very quick
A: no striking features
a: Minor Destruction, Lesser Servant of Makhleb, Major Destruction, Greater
Servant of Makhleb, Renounce Religion, Evoke Berserk Rage


You were in the Dungeon.
You worshipped Makhleb.
Makhleb was exalted by your worship.
You were not hungry.

You visited 1 branch

Inventory:

Hand Weapons
 a - a +0 long sword
 j - the +10 zealot's sword (weapon) {holy, *Rage rN+ EV+3}
   (You took it off a spriggan in the Dungeon)

   It has been blessed by the Shining One to cause great damage to the undead
   and demons.
   It affects your evasion (+3).
   It protects you from negative energy.
   It may make you go berserk in combat.
 x - the +7 Singing Sword {slice, sonic wave}
   (You found it in the Dungeon)

   It inflicts extra damage upon your enemies.
 y - the +11 plutonium sword {*Contam Stlth-}
   (You found it in the Dungeon)

   It causes magical contamination when unequipped.
   It makes you less stealthy.
 z - the +0 sword of Power
   (You found it in the Dungeon)
 A - the +9 sword of Zonguldrok {reap}
   (You found it in the Dungeon)

   If a monster killed with it leaves a corpse in good enough shape, the corpse
   will be animated as a zombie friendly to the killer.
Armour
 b - the +5 robe of Night {Dark MR+ SInv}
   (You found it in the Dungeon)

   It affects your resistance to hostile enchantments.
   It lets you see invisible.
 c - a +0 shield
 v - the +15 Maxwell's patent armour (worn) {-Cast -Tele rElec MR+ rCorr}
   (You found it in the Dungeon)

   It insulates you from electricity.
   It affects your resistance to hostile enchantments.
   It prevents spellcasting.
   It prevents most forms of teleportation.
   It provides partial protection from all sources of acid and corrosion.
 w - the +18 shield of the Gong (worn) {rElec rN+ MR+ EV-5}
   (You found it in the Dungeon)

   It affects your evasion (-5).
   It insulates you from electricity.
   It protects you from negative energy.
   It affects your resistance to hostile enchantments.
 Z - a +2 helmet of intelligence (worn)
Jewellery
 p - a +6 ring of dexterity
 q - a +6 ring of dexterity
 r - a +6 ring of intelligence
 s - a +6 ring of intelligence
 t - a +6 ring of strength (left hand)
 u - a +6 ring of strength
 Q - a +2 ring of dexterity
 R - the ring "Voip" (right hand) {rCorr Str+4}
   (You found it in the Dungeon)

   [ring of resist corrosion]

   It affects your strength (+4).
   It provides partial protection from all sources of acid and corrosion.
 T - an amulet of rage (around neck)
 W - the cursed ring of Qerhuig {*Drain rPois rN+++ Str-3 Int+3}
   (You found it in the Dungeon)

   [ring of strength]

   It affects your strength (-3).
   It affects your intelligence (+3).
   It protects you from poison.
   It renders you almost immune to negative energy.
   It causes draining when unequipped.
   It has a curse placed upon it.
 X - a +2 ring of dexterity
 Y - an uncursed ring of protection from magic
Wands
 l - a wand of disintegration (7)
 m - a wand of iceblast (7)
 n - a wand of acid (7)
Scrolls
 k - 4 scrolls of blinking
 B - 4 scrolls of amnesia
 C - 7 scrolls of fog
 D - a scroll of holy word
 E - 5 scrolls of identify
 F - 5 scrolls of remove curse
 G - 2 scrolls of fear
 P - 2 scrolls of brand weapon
 S - 4 scrolls of enchant weapon
Potions
 d - 6 potions of might
 e - 10 potions of curing
 g - 6 potions of heal wounds
 h - 7 potions of haste
 i - 7 potions of magic
 H - 2 potions of brilliance
 I - 2 potions of invisibility
 J - 4 potions of resistance
 L - 6 potions of agility
Books
 N - a manual of Axes
Miscellaneous
 K - a phial of floods
 M - a lightning rod (4/4)
 U - a lightning rod (4/4)
Comestibles
 f - 7 rations
 V - a chunk of flesh


   Skills:
 + Level 12.1(11.9) Fighting
 + Level 11.9(11.7) Long Blades
 - Level 2.6(2.4) Throwing
 + Level 12.0(11.8) Armour
 * Level 2.7(2.5) Dodging
 + Level 12.1(11.9) Shields
 * Level 10.3(10.1) Invocations
 * Level 9.5(9.3) Evocations


You had 10 spell levels left.
You didn't know any spells.
Your spell library contained the following spells:

 Spells                   Type           Power        Failure   Level  Hunger
 Beastly Appendage        Tmut           #.....       95%         1    ##.....
 Freeze                   Ice            #...         95%         1    ##.....
 Ensorcelled Hibernation  Hex/Ice        #.....       99%         2    ###....
 Passwall                 Tmut/Erth      #.......     99%         2    ###....
 Sticks to Snakes         Tmut           #.......     99%         2    ###....
 Throw Frost              Conj/Ice       #.....       99%         2    ###....
 Ozocubu's Armour         Chrm/Ice       #.......     100%        3    ####...
 Spider Form              Tmut/Pois      #.........   100%        3    ####...
 Ice Form                 Ice/Tmut       #.......     100%        4    #####..
 Blade Hands              Tmut           #.........   100%        5    ######.
 Freezing Cloud           Conj/Ice/Air   #.........   100%        6    #######


Dungeon Overview and Level Annotations

Branches:
Dungeon (1/1)

Altars:
Ashenzari
Cheibriados
Dithmenos
Elyvilon
Fedhas
Gozag
Hepliaklqana
Kikubaaqudgha
Makhleb
Nemelex Xobeh
Okawaru
Qazlal
Ru
Sif Muna
Trog
Uskayaw
Vehumet
Wu Jian
Xom
Yredelemnul
Zin
The Shining One
Beogh
Jiyva
Lugonu


Message History

Uteprec is moderately wounded.
You block the sixfirhy's attack.
PTOANNNG!
The sixfirhy hits you but does no damage.
Uteprec sneers, "Give up, thou villainous fen-sucked mammet!"
You block Uteprec's attack.
BOUMMMMG!
Unknown command.
Unknown command.
Press: ? - help, v - describe, . - travel
Here: Katapi (lightly wounded)
The floor.
You slash the sixfirhy!
The sixfirhy convulses!
The sixfirhy is heavily wounded.
You block the sixfirhy's attack.
PTOANNNG!
You block Uteprec's attack.
BONNNG!
Mixt hits you!!
You die...

▓...)=....▓
▓..))}:|..▓...:).)..▓
▓.........▓.........▓
▓...(.....▓.........▓
▓....5....▓.........▓
▓..5545...▓..†......▓
▓.553335..▓.▓..)))▓.▓
▓.▓3&&&6▓.▓....©....▓
▓..33@&...▓▓▓▓▓▓▓▓▓▓▓
▓▓▓▓▓▓▓▓▓▓▓


You could see Aceat, Katapi, Mixt, Uteprec, a gelid warmonger, an orange demon,
3 sixfirhies, 2 smoke demons, a ynoxinul and 7 ufetubi.

Vanquished Creatures
  A yellow draconian (D)
  A black draconian (D)
  A spriggan druid (D)
  2 ugly things (D)
  6 draconians (D)
  3 hornets (D)
  7 spriggans (D)
  3 golden eyes (D)
  An acid dragon (shapeshifter) (D)
  2 porcupines (D)
  An orc warrior (D)
  A black bear (shapeshifter) (D)
  A black bear (D)
  A necrophage (D)
  A boggart (shapeshifter) (D)
  6 wolves (D)
  A scorpion (shapeshifter) (D)
  A jelly (D)
  An iron imp (D)
  A river rat (D)
  A white imp (D)
  An adder zombie (D)
  5 orcs (D)
  A bat skeleton (D)
  2 bat zombies (D)
  2 jackals (D)
  A giant cockroach zombie (D)
  A leopard gecko skeleton (D)
  A quokka skeleton (D)
57 creatures vanquished.

Vanquished Creatures (collateral kills)
  A neqoxec (D)
1 creature vanquished.

Grand Total: 58 creatures vanquished

Notes
Turn   | Place    | Note
-------+----------+-------------------------------------------
     0 | D        | Atelerd the Human Fighter began the quest for the Orb.
     0 | D        | Reached XP level 1. HP: 18/18 MP: 1/1
     0 | D        | Found a shimmering blue altar of Sif Muna.
     0 | D        | Found a bloodstained altar of Trog.
     0 | D        | Found a sacrificial altar of Ru.
     0 | D        | Found a stormy altar of Qazlal.
     0 | D        | Found an iron altar of Okawaru.
     4 | D        | Found a sparkling altar of Nemelex Xobeh.
     5 | D        | Found the +6 Majin-Bo {vamp, Archmagi MP+6 Int+6}
     5 | D        | Found the +7 great mace "Firestarter" {inner flame, rF++}
     6 | D        | Found a corrupted altar of Lugonu.
     6 | D        | Found an ancient bone altar of Kikubaaqudgha.
     6 | D        | Found a burning altar of Makhleb.
     6 | D        | Found a transporter.
     6 | D        | Found a viscous altar of Jiyva.
     6 | D        | Found a hazy altar of Hepliaklqana.
    12 | D        | Found an opulent altar of Gozag.
    13 | D        | Found a blossoming altar of Fedhas.
    22 | D        | Found the +9 heavy crossbow "Sniper" {velocity, Acc+∞ SInv}
    22 | D        | Found the +10 dark maul {crush}
    22 | D        | Found the +15 Maxwell's patent armour {-Cast -Tele rElec
                  | MR+ rCorr}
    22 | D        | Found the +18 shield of the Gong {rElec rN+ MR+ EV-5}
    22 | D        | Found the cursed +14 obsidian axe {chop, +Fly SInv *Curse}
    24 | D        | Found the +6 shillelagh "Devastator" {shatter}
    24 | D        | Found the +11 plutonium sword {*Contam Stlth-}
    24 | D        | Found the +8 lance "Wyrmbane" {slay drac, rPois rF+ rC+
                  | AC+3}
    24 | D        | Found the +9 sword of Zonguldrok {reap}
    24 | D        | Found the cursed +13 scythe of Curses {drain, *Curse}
    24 | D        | Found the +0 sword of Power
    24 | D        | Found the +7 mace of Variability {chain chaos}
    24 | D        | Found the +7 Singing Sword {slice, sonic wave}
    24 | D        | Found the +8 storm bow {elec, penet}
    87 | D        | Became a worshipper of Makhleb the Destroyer
    95 | D        | Reached XP level 2. HP: 25/25 MP: 2/2
    96 | D        | Entered arena 2.
    96 | D        | Noticed a boggart
    96 | D        | Noticed an acid dragon
    96 | D        | Found a transporter.
    99 | D        | Killed an acid dragon
    99 | D        | Reached skill level 5 in Fighting
    99 | D        | Reached skill level 5 in Long Blades
    99 | D        | Reached skill level 5 in Armour
    99 | D        | Reached skill level 5 in Shields
    99 | D        | Reached XP level 3. HP: 23/34 MP: 3/3
    99 | D        | Reached XP level 4. HP: 27/40 MP: 4/4
    99 | D        | Reached XP level 5. HP: 31/46 MP: 5/5
   101 | D        | Killed a boggart
   101 | D        | Reached XP level 6. HP: 36/53 MP: 6/6
   201 | D        | Entered arena 3.
   201 | D        | Found a transporter.
   204 | D        | Reached * piety under Makhleb
   219 | D        | Entered arena 4.
   219 | D        | Noticed a green ugly thing
   219 | D        | Noticed a cyan ugly thing
   219 | D        | Noticed a black bear
   219 | D        | Found a transporter.
   222 | D        | Killed a black bear
   222 | D        | Reached ** piety under Makhleb
   224 | D        | Reached XP level 7. HP: 60/60 MP: 7/7
   224 | D        | Killed a green ugly thing
   224 | D        | Reached XP level 8. HP: 69/69 MP: 8/8
   225 | D        | Killed a cyan ugly thing
   225 | D        | Reached *** piety under Makhleb
   276 | D        | Entered arena 5.
   276 | D        | Found a transporter.
   285 | D        | Reached skill level 10 in Shields
   285 | D        | Reached XP level 9. HP: 78/78 MP: 9/9
   285 | D        | Reached **** piety under Makhleb
   285 | D        | Reached skill level 10 in Fighting
   285 | D        | Reached skill level 10 in Armour
   308 | D        | Entered arena 6.
   308 | D        | Found a transporter.
   316 | D        | Reached skill level 10 in Long Blades
   335 | D        | Entered arena 7.
   336 | D        | Found a transporter.
   339 | D        | Reached ***** piety under Makhleb
   346 | D        | Got the ring "Voip" {rCorr Str+4}
   359 | D        | Entered arena 8.
   360 | D        | Found a transporter.
   361 | D        | Reached skill level 1 in Invocations
   361 | D        | Reached skill level 1 in Evocations
   365 | D        | Reached ****** piety under Makhleb
   377 | D        | Got the Catalogue of Clay and Ice
   388 | D        | Entered arena 9.
   389 | D        | Found a transporter.
   420 | D        | Entered arena 10.
   420 | D        | Noticed a draconian
   420 | D        | Noticed a black draconian
   420 | D        | Noticed a draconian
   420 | D        | Noticed a draconian
   420 | D        | Noticed a draconian
   420 | D        | Noticed a draconian
   420 | D        | Noticed a draconian
   420 | D        | Noticed a yellow draconian
   421 | D        | Identified the +7 falchion of Irrepressible Laughter
                  | {slice, rElec rC+}
   432 | D        | Killed a yellow draconian
   432 | D        | Reached skill level 5 in Evocations
   432 | D        | Reached XP level 10. HP: 87/87 MP: 12/14
   433 | D        | Killed a draconian
   436 | D        | Killed a draconian
   439 | D        | Killed a draconian
   444 | D        | Killed a draconian
   447 | D        | Killed a draconian
   448 | D        | Killed a draconian
   448 | D        | Reached XP level 11. HP: 93/94 MP: 13/17
   449 | D        | Killed a black draconian
   451 | D        | Found a transporter.
   468 | D        | Got the cursed ring of Qerhuig {*Drain rPois rN+++ Str-3
                  | Int+3}
   484 | D        | Entered arena 11.
   484 | D        | Noticed a spriggan rider
   484 | D        | Noticed a spriggan rider
   484 | D        | Noticed a spriggan druid
   484 | D        | Noticed a spriggan rider
   485 | D        | Found the +5 robe of Night {Dark MR+ SInv}
   502 | D        | Killed a spriggan druid
   502 | D        | Reached skill level 10 in Invocations
   505 | D        | Found a transporter.
   561 | D        | Entered arena 12.
   561 | D        | Noticed a sixfirhy
   561 | D        | Noticed Uteprec the pandemonium lord
   561 | D        | Noticed a sixfirhy
   561 | D        | Noticed Mixt the pandemonium lord
   561 | D        | Noticed Katapi the pandemonium lord
   562 | D        | Found the +6 arbalest "Damnation" {damnation}
   562 | D        | Noticed Aceat the pandemonium lord
   562 | D        | Noticed a gelid warmonger
   571 | D        | Noticed a sixfirhy
   579 | D        | Demolished by Mixt the pandemonium lord

Levels and vault maps discovered:
D:        sprint_v [room_start, room_1, room_2, room_3, room_4, room_5, room_6,
          room_7, room_8, room_9, room_10, room_11, room_12, room_13, room_14,
          room_15, room_16, room_17, room_18, room_19, room_20, room_21,
          room_22, room_23, room_24, room_25, room_26, room_27]

Skill      XL: |  1  2  3  4  5  6  7  8  9 10 11 |
---------------+----------------------------------+-----
Fighting       | 4 5 6 7 8 9 11 12 | 12.1
Long Blades    | 3 5 6 7 8 9 10 11 | 11.9
Throwing       | 2 |  2.6
Armour         | 4 5 6 7 8 9 11 12 | 12.0
Dodging        | 2 |  2.7
Shields        | 4 5 6 7 8 10 11 12 | 12.1
Invocations    | 6 8 10 | 10.3
Evocations     | 5 7 9 |  9.5

Action                   |  1- 3 |  4- 6 |  7- 9 | 10-12 || total
-------------------------+-------+-------+-------+-------++-------
Melee: Double sword      |     2 |    11 |    43 |    28 ||    84
       Eudemon blade     |       |       |       |    10 ||    10
Invok: Lesser Servant of |       |       |     2 |       ||     2
       Major Destruction |       |       |     1 |       ||     1
       Greater Servant o |       |       |       |     3 ||     3
 Abil: Evoke Berserk Rag |       |       |       |     1 ||     1
Evoke: Phantom mirror    |       |       |       |     2 ||     2
  Use: Potion            |     1 |     1 |     2 |    10 ||    14
Armor: Plate armour      |     2 |     1 |    15 |    28 ||    46
Dodge: Dodged            |       |       |     3 |     6 ||     9
Block: Shield            |     4 |    17 |    59 |    97 ||   177
       Rpst.: Double sword |       |       |     1 |       ||     1
